 Dungeon Crawl Stone Soup version 0.28.0-43-g3370ac3207 (webtiles) character file.

Game seed: 6124451901101017821

47 crimpus the Covered (level 3, -4/33 HPs)
             Began as a Minotaur Fighter on Mar 25, 2022.
             Slain by an orc
             ... wielding a +2 hand axe of electrocution
              (11 damage)
             ... on level 3 of the Dungeon.
             The game lasted 00:01:40 (1458 turns).

crimpus the Covered (Minotaur Fighter)              Turns: 1458, Time: 00:01:41

Health: -4/33      AC:  7    Str: 22    XL:     3   Next: 48%
Magic:  2/2        EV:  9    Int:  5    God:
Gold:   104        SH:  4    Dex:  9    Spells: 2/2 levels left

rFire   . . .      SeeInvis .   a - +0 war axe
rCold   . . .      Faith    .   c - +0 buckler
rNeg    . . .      Spirit   .   b - +0 scale mail
rPois   .          Reflect  .   (helmet restricted)
rElec   .          Harm     .   (no cloak)
rCorr   .          Rampage  .   (no gloves)
Will    .....                   (no boots)
Stlth   ..........              (no amulet)
HPRegen 0.11/turn               (no ring)
MPRegen 0.08/turn               (no ring)

@: mighty
A: horns 2, retaliatory headbutt
a: no special abilities


You were on level 3 of the Dungeon.
You visited 1 branch of the dungeon, and saw 3 of its levels.

You collected 104 gold pieces.

Inventory:

Hand Weapons
 a - a +0 war axe (weapon)
Armour
 b - a +0 scale mail (worn)
 c - a +0 buckler (worn)
Scrolls
 g - 2 scrolls of identify {unknown}
 h - a scroll of summoning {unknown}
 j - a scroll of enchant weapon {unknown}
 k - a scroll of teleportation {unknown}
Potions
 e - 4 potions of curing {unknown}
 f - a potion of lignification {unknown}
 i - a potion of berserk rage {unknown}
 l - a potion of haste {unknown}
 m - a potion of mutation {unknown}


   Skills:
 + Level 4.2 Fighting
 + Level 3.3 Axes
 + Level 4.2 Armour
 + Level 3.9 Shields


You had 2 spell levels left.
You didn't know any spells.
Your spell library contained the following spells:

 Spells                   Type           Power      Damage    Failure   Level
 Corpse Rot               Necr/Air       0%         N/A       95%         2
 Static Discharge         Conj/Air       0%         N/A       95%         2
 Blade Hands              Tmut           0%         N/A       100%        5
 Irradiate                Conj/Tmut      0%         3d13      100%        5
 Dragon Form              Tmut           0%         N/A       100%        7


Dungeon Overview and Level Annotations

Branches:
Dungeon (3/15)

Altars:

Shops:
D:2 :


Innate Abilities, Weirdness & Mutations

You have a pair of horns on your head.
You reflexively headbutt those who attack you in melee.


Message History

No target in view!
Done exploring.
No target in view!
No target in view!
Done exploring.
No target in view!
(D) Dungeon
Where to? (Enter - D:2, ? - help)
What level of the Dungeon? (default 1, ? - help)
You see here a hobgoblin corpse.
There is a stone staircase leading down here.
You climb downwards.
Found a scroll labelled KEKKAT WELONA.
There is a stone staircase leading up here.
You enter the shallow water.
Moving in this stuff is going to be slow.
An orc and an orc priest come into view.
The orc is wielding a +2 hand axe of electrocution.
The orc shouts!
The orc priest shouts!
You hear a shout!
The orc priest moves out of view.
You hear a shout! x2
You see here a scroll labelled KEKKAT WELONA.
An orc is nearby!
The orc priest looks satisfied for a moment.
The orc hits you with a +2 hand axe of electrocution.
You are electrocuted!!
Ouch! That really hurt!
You are too injured to fight recklessly!
You are too injured to fight recklessly!
You are too injured to fight recklessly!
Sorry, you're not good enough to have a special ability.
You feel very mighty all of a sudden. The orc closely misses you.
An orc wizard comes into view. It is wielding a +0 dagger.
An orc wizard comes into view.
It is wielding a +2 dagger of holy wrath.
You closely miss the orc. Your headbutt misses the orc.
The orc hits you with a +2 hand axe of electrocution.
* * * LOW HITPOINT WARNING * * *
You are electrocuted!
You die...

. ..o ##
.....#####≈#
#.oo@..≈#
#o###?≈≈##.#
#.≈≈....#
#<.≈#####
#..≈.....
..≈≈.###.
##.≈≈.#
.≈≈..#
≈≈≈..#


You could see an orc priest, 2 orc wizards and an orc.

Vanquished Creatures
  A worm (D:2)
  A dart slug (D:1)
  2 endoplasms (D:1)
  A giant cockroach (D:1)
  5 hobgoblins
  4 kobolds (D:1)
  3 quokkas (D:1)
  5 ball pythons
  4 bats
  3 frilled lizards (D:1)
  3 goblins (D:2)
  10 rats
42 creatures vanquished.

Notes
Turn   | Place    | Note
-------+----------+-------------------------------------------
     0 | D:1      | crimpus the Minotaur Fighter began the quest for the Orb.
     0 | D:1      | Reached XP level 1. HP: 19/19 MP: 0/0
   152 | D:1      | Reached XP level 2. HP: 27/27 MP: 1/1
   179 | D:1      | You fall into a shaft and drop 1 floor!
   495 | D:1      | Got the Catalogue of Lightness
   637 | D:1      | Reached XP level 3. HP: 29/33 MP: 2/2
   782 | D:1      | Found a faded altar of an unknown god.
  1292 | D:2      | Found Muif's Book Emporium.
  1458 | D:3      | Slain by an orc

Illustrated notes

Levels and vault maps discovered:
D:1:      kennysheep_arrival_forest, layout_rooms, serial_rivers,
          chequers_serial_rivers_micro_a, chequers_serial_rivers_large_a,
          chequers_serial_rivers_micro_a, chequers_serial_rivers_small_a,
          shapermc_ecumenical_altar_venn
D:2:      layout_loops_ring, serial_shops, shop_fountains
D:3:      layout_loops_cross, serial_rivers, chequers_serial_rivers_large_b,
          chequers_serial_rivers_micro_e, chequers_serial_rivers_small_a,
          chequers_serial_rivers_room_a, minmay_misc_feat_diagonals

Skill      XL: |  1  2 |
---------------+-------+-----
Fighting       | 4 |  4.2
Armour         | 4 |  4.2
Axes           | 3 |  3.3
Shields        | |  3.9

Action                   || total
-------------------------++-------
Melee: War axe           ||    74
       Headbutt          ||    12
  Use: Potion            ||     1
Armor: Scale mail        ||    26
Dodge: Dodged            ||    37
Block: Buckler           ||    12
